 Dungeon Crawl Stone Soup version 0.29.0-4-gdea44cf6ec (webtiles) character file.

Game seed: 6478161709906605264

1028 qw the Cleaver (level 8, -6/46 HPs)
             Began as a Tengu Warper on Aug 28, 2022.
             Killed from afar by a white imp (10 damage)
             ... with a puff of frost
             ... on level 6 of the Dungeon.
             The game lasted 00:00:30 (5514 turns).

qw the Cleaver (Tengu Warper)                       Turns: 5514, Time: 00:00:30

Health: -6/46      AC: 14    Str: 12 (13) XL:     8   Next: 23%
Magic:  12/12      EV:  4    Int: 11 (14) God:
Gold:   257        SH:  0    Dex: 13 (14) Spells: 11/11 levels left

rFire   . . .      SeeInvis .   Y - +0 hand axe
rCold   . . .      Faith    .   (no shield)
rNeg    . . .      Spirit   .   b - +2 plate armour
rPois   .          Reflect  .   (helmet restricted)
rElec   .          Harm     .   (no cloak)
rCorr   .          Rampage  .   (no gloves)
Will    .....                   (boots unavailable)
Stlth   ..........              f - amulet of the acrobat
HPRegen 0.15/turn               (no ring)
MPRegen 0.13/turn               (no ring)

@: about to teleport, flying quickly and evasively, quick
A: beak, talons 3, nimble flight
a: no special abilities


You were on level 6 of the Dungeon.
You visited 1 branch of the dungeon, and saw 6 of its levels.

You collected 257 gold pieces.


Innate Abilities, Weirdness & Mutations

You have a beak for a mouth.
You have claws for feet.
Your magical nature lets you fly swiftly and evasively.


   Skills:
 - Level 3.0 Fighting
 - Level 9.0 Axes
 + Level 1.0 Throwing
 - Level 4.6 Armour
 - Level 2.1 Dodging
 - Level 2.0 Spellcasting
 - Level 2.4 Translocations


You had 11 spell levels left.
You didn't know any spells.
Your spell library contained the following spells:

 Spells                   Type           Power      Damage    Failure   Level
 Blink                    Tloc           12%        N/A       100%        2
 Gell's Gravitas          Tloc           6%         N/A       100%        3
 Lesser Beckoning         Tloc           6%         N/A       100%        3
 Teleport Other           Tloc           6%         N/A       100%        3
 Manifold Assault         Tloc           6%         N/A       100%        5

Inventory:

Hand Weapons
 n - a +0 morningstar
 Y - a +0 hand axe (weapon)
Missiles
 g - 2 boomerangs
 q - 3 javelins (quivered)
Armour
 b - a +2 plate armour (worn)
Jewellery
 f - an amulet of the acrobat (around neck)
 o - a ring of fire
Scrolls
 l - a scroll of identify
Potions
 a - 2 potions of curing
 c - a potion of cancellation
 h - a potion of resistance {unknown}
 i - a potion of mutation {unknown}
 j - a potion of brilliance {unknown}
 k - a potion of lignification {unknown}

Dungeon Overview and Level Annotations

Branches:
Dungeon (6/15)
 Temple: D:4-7

Altars:
Gozag
Makhleb


Message History

The orc is severely wounded.
You barely miss the orc. x2; You hit the orc priest.
The orc hits you but does no damage. The white imp gestures at you.
The puff of frost hits you but does no damage.
The orc barely misses you.
The orc priest invokes the aid of Beogh against you.
Beogh smites you! The orc hits you but does no damage.
You slash the orc!
You kill the orc!
You hit the orc. You hit the orc but do no damage. You hit the orc.
You closely miss the orc priest. The orc hits you but does no damage.
The orc barely misses you. The orc hits you with a +0 club.
The orc priest hits you with a +0 whip.
You barely miss the orc. Your kick misses the orc.
The orc is severely wounded.
You closely miss the orc. You hit the orc. You hit the orc priest.
You hit the orc priest but do no damage.
The orc hits you but does no damage. The orc barely misses you.
The orc priest hits you but does no damage. x2
You barely miss the orc. Your kick misses the orc.
The orc is severely wounded.
You hit the orc. You hit the orc priest. You closely miss the orc priest.
You hit something. The orc hits you but does no damage.
The white imp gestures at you. The puff of frost misses you.
The puff of frost misses the orc.
The orc hits you but does no damage.
The orc priest calls down the wrath of Beogh upon you.
Beogh smites you!
The orc priest invokes the aid of Beogh against you.
You struggle to resist.
5514 ||| READING scroll of teleportation.
As you read the scroll of teleportation, it crumbles to dust.
You feel strangely unstable. The orc hits you but does no damage.
Something hits you but does no damage.
The white imp shouts, "Return whence thou came, thou mammering beak-witted zombie-fodder!"
The white imp gestures at you. The puff of frost hits you!
You die...

##########
#........#
#........#
#........#
#........#
#......5.#
#...oo...#
#..o.@...#
#...oo...#
......o...<#
###........#
..........#
##.#########
#. #


You could see 2 orc priests, a white imp and 4 orcs.

Vanquished Creatures
  Sigmund (D:3)
  A water moccasin (D:5)
  2 black bears
  2 ogres (D:5)
  A phantom (D:5)
  2 scorpions (D:5)
  A howler monkey (D:5)
  An orc priest (D:3)
  A hound (D:5)
  An orc wizard (D:5)
  3 adders
  2 worms
  3 dart slugs
  7 orcs
  4 ball pythons
  4 endoplasms
  2 giant cockroaches
  8 goblins
  5 hobgoblins
  3 kobolds
  4 quokkas
  A bat (D:2)
  4 frilled lizards
  4 rats
67 creatures vanquished.

Notes
Turn   | Place    | Note
-------+----------+-------------------------------------------
     0 | D:1      | qw the Tengu Warper began the quest for the Orb.
     0 | D:1      | Reached XP level 1. HP: 12/12 MP: 4/4
     0 | D:1      | 0 ||| qw: Version: 0.1-a-89-g26bdef1
     0 | D:1      | 0 ||| qw: Game counter: 3186
     0 | D:1      | 0 ||| qw: Always use a shield: true
     0 | D:1      | 0 ||| qw: God list: Okawaru
     0 | D:1      | 0 ||| qw: Allow faded altars: false
     0 | D:1      | 0 ||| qw: Do Orc after D:15 true
     0 | D:1      | 0 ||| qw: Do second Lair branch before Depths: true
     0 | D:1      | 0 ||| qw: Lair rune preference: random
     0 | D:1      | 0 ||| qw: Plans: Normal
     0 | D:1      | 0 ||| PLANNING D:1-11
    68 | D:1      | 68 ||| Stepping ~*~*~tactically~*~*~ (hiding).
   170 | D:1      | 170 ||| Stepping ~*~*~tactically~*~*~ (hiding).
   176 | D:1      | Reached skill level 3 in Axes
   176 | D:1      | Reached XP level 2. HP: 15/17 MP: 6/6
   599 | D:1      | Found a faded altar of an unknown god.
   974 | D:1      | 974 ||| DROPPING +0 club.
   986 | D:1      | Reached XP level 3. HP: 21/21 MP: 7/7
  1259 | D:1      | 1259 ||| UPGRADING to +0 ring mail.
  1269 | D:1      | 1269 ||| DROPPING +0 leather armour.
  1270 | D:1      | 1270 ||| UPGRADING to amulet of the acrobat.
  1275 | D:1      | 1275 ||| READING scroll labelled VEADGH CAKU.
  1276 | D:1      | 1276 ||| READING scroll labelled JEBLO FUGRITWI.
  1277 | D:1      | 1277 ||| READING scroll labelled DUIZUALEITE.
  1278 | D:1      | 1278 ||| DRINKING 2 clear potions.
  1279 | D:1      | 1279 ||| DROPPING scroll of blinking.
  1328 | D:2      | Reached skill level 4 in Axes
  1639 | D:2      | Reached XP level 4. HP: 20/26 MP: 8/8
  2087 | D:2      | 2087 ||| DROPPING +2 leather armour of willpower.
  2088 | D:2      | 2088 ||| UPGRADING to +0 plate armour.
  2098 | D:2      | 2098 ||| DROPPING +0 ring mail.
  2158 | D:3      | Noticed Sigmund
  2159 | D:3      | 2159 ||| Stepping ~*~*~tactically~*~*~ (hiding).
  2163 | D:3      | 2163 ||| Stepping ~*~*~tactically~*~*~ (hiding).
  2188 | D:3      | Killed Sigmund
  2189 | D:3      | Gained mutation: Your magical nature lets you fly swiftly
                  | and evasively. [Tengu growth]
  2189 | D:3      | Reached XP level 5. HP: 25/30 MP: 9/9
  2189 | D:3      | Reached XP level 6. HP: 30/35 MP: 10/10
  2252 | D:3      | 2252 ||| READING scroll of enchant armour.
  2252 | D:3      | 2252 ||| ENCHANTING +0 plate armour.
  2287 | D:3      | 2287 ||| FLEEEEING.
  2288 | D:3      | 2288 ||| FLEEEEING.
  2289 | D:3      | 2289 ||| FLEEEEING.
  2290 | D:3      | 2290 ||| FLEEEEING.
  2291 | D:3      | 2291 ||| FLEEEEING.
  2292 | D:3      | 2292 ||| FLEEEEING.
  2293 | D:3      | 2293 ||| FLEEEEING.
  2310 | D:3      | 2310 ||| FLEEEEING.
  2311 | D:3      | 2311 ||| FLEEEEING.
  2312 | D:3      | 2312 ||| FLEEEEING.
  2313 | D:3      | 2313 ||| FLEEEEING.
  2314 | D:3      | 2314 ||| FLEEEEING.
  2315 | D:3      | 2315 ||| FLEEEEING.
  2316 | D:3      | 2316 ||| FLEEEEING.
  2317 | D:3      | 2317 ||| FLEEEEING.
  2318 | D:3      | 2318 ||| FLEEEEING.
  2319 | D:3      | 2319 ||| FLEEEEING.
  2320 | D:3      | 2320 ||| FLEEEEING.
  2324 | D:3      | 2324 ||| STAIRDANCE
  2493 | D:2      | 2493 ||| READING scroll labelled KYAPESTE DIGI.
  2498 | D:2      | 2498 ||| READING scroll labelled NENGEZ EHULOOMIE.
  2499 | D:2      | 2499 ||| READING 2 scrolls of identify.
  2499 | D:2      | 2499 ||| IDENTIFYING brown potion
  2500 | D:2      | 2500 ||| DROPPING potion of berserk rage.
  2689 | D:3      | 2689 ||| Stepping ~*~*~tactically~*~*~ (hiding).
  2703 | D:3      | Reached skill level 5 in Axes
  2911 | D:3      | 2911 ||| DROPPING scarf of harm.
  2912 | D:3      | 2912 ||| DRINKING 2 smoky yellow potions.
  2913 | D:3      | 2913 ||| READING 2 scrolls of identify.
  2913 | D:3      | 2913 ||| IDENTIFYING silvery potion
  3005 | D:4      | 3005 ||| READING scroll of enchant armour.
  3005 | D:4      | 3005 ||| ENCHANTING +1 plate armour.
  3130 | D:4      | Found a burning altar of Makhleb.
  3130 | D:4      | Found an opulent altar of Gozag.
  3146 | D:4      | 3146 ||| Stepping ~*~*~tactically~*~*~ (stealth).
  3187 | D:4      | Noticed a black bear
  3195 | D:4      | Killed a black bear
  3716 | D:4      | 3716 ||| DROPPING scarf of harm.
  3717 | D:4      | 3717 ||| DROPPING +6 ring of intelligence.
  3718 | D:4      | 3718 ||| READING scroll labelled ZUISUH GOTSIWN.
  3727 | D:5      | Entered Level 5 of the Dungeon
  3730 | D:5      | 3730 ||| STAIRDANCE
  3739 | D:4      | Reached skill level 6 in Axes
  3755 | D:5      | 3755 ||| STAIRDANCE
  3863 | D:5      | HP: 7/35 [ogre/+0 giant spiked club (28)]
  3864 | D:5      | 3864 ||| READING 3 scrolls of teleportation.
  3865 | D:5      | 3865 ||| DRINKING 2 potions of heal wounds.
  4165 | D:5      | Reached XP level 7. HP: 23/40 MP: 11/11
  4313 | D:5      | 4313 ||| Stepping ~*~*~tactically~*~*~ (stealth).
  4323 | D:5      | Reached skill level 7 in Axes
  4375 | D:5      | 4375 ||| DROPPING +0 mace.
  4455 | D:5      | Reached skill level 3 in Fighting
  4881 | D:5      | HP: 2/41 [ogre/+0 giant spiked club (21)]
  4882 | D:5      | 4882 ||| READING 2 scrolls of teleportation.
  4883 | D:5      | 4883 ||| DRINKING potion of heal wounds.
  5123 | D:5      | Reached skill level 8 in Axes
  5134 | D:5      | Reached XP level 8. HP: 21/46 MP: 12/12
  5386 | D:5      | 5386 ||| DROPPING orb of guile.
  5387 | D:5      | 5387 ||| DRINKING 3 metallic blue potions.
  5388 | D:5      | 5388 ||| DROPPING 2 potions of degeneration.
  5404 | D:5      | Reached skill level 9 in Axes
  5513 | D:6      | HP: 4/46 [orc priest/divine providence (15)]
  5514 | D:6      | 5514 ||| READING scroll of teleportation.
  5514 | D:6      | Killed from afar by a white imp

Levels and vault maps discovered:
D:1:      minmay_arrival_three_doors, layout_basic,
          hellmonk_ecumenical_altar_leap_of_faith
D:2:      layout_rooms
D:3:      layout_rooms, uniq_sigmund
D:4:      layout_basic, gammafunk_temple_overflow_wave, minmay_ruptured
D:5:      layout_basic
D:6:      layout_basic, mainiacjoe_overflow_catwalk_spiral,
          mainiacjoe_overflow_divided_tiny, minmay_temple_entry_mist,
          minmay_misc_feat_encased

Skill      XL: |  1  2  3  4  5  6  7  8 |
---------------+-------------------------+-----
Axes           | 3 4 6 8 9 |  9.0
Armour         | 4 |  4.6
Fighting       | 3 |  3.0
Throwing       | |  1.0
Dodging        | |  2.1
Spellcasting   | |  2.0
Translocations | |  2.4

Action                   |  1- 3 |  4- 6 |  7- 9 || total
-------------------------+-------+-------+-------++-------
Melee: Hand axe          |    66 |    82 |    78 ||   226
       Peck              |    12 |    11 |     9 ||    32
       Kick              |    18 |    26 |    20 ||    64
       Punch             |       |       |     3 ||     3
Throw: Boomerang         |     7 |     1 |     5 ||    13
       Javelin           |       |    20 |     9 ||    29
  Use: Scroll            |     3 |     8 |     2 ||    13
       Potion            |     1 |     2 |     2 ||     5
Armor: Leather armour    |    13 |       |       ||    13
       Ring mail         |     5 |     5 |       ||    10
       Plate armour      |       |    37 |    77 ||   114
Dodge: Dodged            |    33 |    22 |    18 ||    73

Table legend:
 A = Non-vault XP
 B = Vault XP
 C = Vault XP percentage of total XP
 D = Non-vault monster count
 E = Vault monster count
 F = Vault count percentage of total count
                 A         B        C        D         E       F
            +---------+---------+-------+---------+---------+-------
      Total |    1236 |     233 |  15.9 |      65 |       2 |   3.0
            +---------+---------+-------+---------+---------+-------
        D:1 |      37 |       0 |   0.0 |      20 |       0 |   0.0
        D:2 |      56 |       0 |   0.0 |      16 |       0 |   0.0
        D:3 |      52 |     231 |  81.6 |       5 |       1 |  16.7
        D:4 |     161 |       2 |   1.2 |      10 |       1 |   9.1
        D:5 |     927 |       0 |   0.0 |      13 |       0 |   0.0
        D:6 |       3 |       0 |   0.0 |       1 |       0 |   0.0
            +---------+---------+-------+---------+---------+-------
